 Dungeon Crawl Stone Soup version 0.29.1-15-g9cfb28693d (webtiles) character file.

Game seed: 15938680027347647614

486 fridis the Covered (level 6, -15/56 HPs)
             Began as a Minotaur Fighter on Mar 28, 2024.
             Killed from afar by Dowan (28 damage)
             ... with a shard of ice
             ... on level 4 of the Dungeon on Mar 31, 2024.
             The game lasted 00:15:08 (4666 turns).

fridis the Covered (Minotaur Fighter)               Turns: 4666, Time: 00:15:09

Health: -15/56     AC:  8    Str: 22    XL:     6   Next: 89%
Magic:  0/5        EV:  9    Int:  5    God:
Gold:   137        SH:  4    Dex: 10    Spells: 5/5 levels left

rFire   . . .      SeeInvis +   h - +2 flail (venom)
rCold   . . .      Faith    .   c - +0 buckler
rNeg    . . .      Spirit   +   b - +1 scale mail
rPois   .          Reflect  .   (helmet restricted)
rElec   .          Harm     .   (no cloak)
rCorr   .          Rampage  .   (no gloves)
Will    .....                   (no boots)
Stlth   ..........              m - amulet of guardian spirit
HPRegen 0.18/turn               q - ring of see invisible
MPRegen 0.09/turn               (no ring)

@: mighty
A: horns 2, retaliatory headbutt
a: no special abilities


You were on level 4 of the Dungeon.
You visited 1 branch of the dungeon, and saw 4 of its levels.
You also visited: Sewer.

You collected 137 gold pieces.

Inventory:

Hand Weapons
 a - a +0 war axe
 e - a +4 quarterstaff of draining
 h - a +2 flail of venom (weapon)
Armour
 b - a +1 scale mail (worn)
 c - a +0 buckler (worn)
Magical Staves
 r - a staff of air
Jewellery
 m - an amulet of guardian spirit (around neck)
 q - a ring of see invisible (left hand)
Wands
 d - a wand of polymorph (13)
 t - a wand of paralysis (14)
Scrolls
 f - a scroll of fog
 g - a scroll of magic mapping
 l - 2 scrolls of identify
 p - 2 scrolls of torment {unknown}
 s - a scroll of enchant weapon {unknown}
 v - a scroll of teleportation
Potions
 i - 2 potions of degeneration
 j - 3 potions of curing
 k - 3 potions of heal wounds {unknown}
 n - 4 potions of flight {unknown}
 u - a potion of invisibility {unknown}


   Skills:
 + Level 5.3 Fighting
 + Level 2.9(4.0) Axes
 + Level 4.0(4.5) Maces & Flails
 + Level 5.9 Armour
 + Level 1.3 Dodging
 + Level 0.9 Stealth
 + Level 4.6 Shields


You had 5 spell levels left.
You didn't know any spells.
Your spell library contained the following spells:

 Spells                   Type           Power      Damage    Failure   Level
 Call Canine Familiar     Summ           0%         N/A       99%         3
 Portal Projectile        Hex/Tloc       0%         N/A       99%         3
 Fulminant Prism          Conj/Hex       0%         3d6       100%        4
 Iskenderun's Mystic Bla  Conj/Tloc      0%         2d3       100%        4
 Leda's Liquefaction      Hex/Erth       0%         N/A       100%        4
 Lee's Rapid Deconstruct  Erth           0%         3d5*      100%        5


Dungeon Overview and Level Annotations

Branches:
Dungeon (4/15)             Temple (0/1) D:4           Sewer (visited)

Altars:

Annotations:
D:4 Dowan


Innate Abilities, Weirdness & Mutations

You have a pair of horns on your head.
You reflexively headbutt those who attack you in melee.


Message History

Found a manual of Throwing.
Duvessa hits you with a +0 short sword.
You sock Duvessa!
Duvessa is poisoned.
You headbutt Duvessa.
Duvessa is moderately wounded.
Duvessa hits you with a +0 short sword!
You feel very mighty all of a sudden. Duvessa hits you with a +0 short sword.
Dowan smirks and points a slender finger.
Dowan gestures at you while chanting. The puff of flame hits you.
You hit Duvessa.
Duvessa looks as sick as possible!
You headbutt Duvessa.
Duvessa is severely wounded.
Duvessa hits you but does no damage.
You sock Duvessa!
Duvessa looks as sick as possible!
You headbutt Duvessa, but do no damage.
Duvessa is almost dead.
You kill Duvessa!
Dowan's eyes darken. "You have made a black mistake."
Dowan seems to find hidden reserves of power!
Dowan casts a spell at you. The shard of ice hits you!
Your Maces & Flails skill increases to level 4!
Things that are here:
a +0 short sword; a +0 ring mail Dowan hits you but does no damage.
Dowan hits you with a +0 dagger. Dowan gestures at you while chanting.
The shard of ice hits you!
* * * LOW HITPOINT WARNING * * *
You thump Dowan!
Dowan is poisoned.
Dowan is heavily wounded.
Dowan hits you with a +0 dagger.
* * * LOW HITPOINT WARNING * * *
Dowan mumbles some strange words.
Dowan blinks!
You barely miss Dowan. Your headbutt misses Dowan.
Dowan is heavily wounded.
Dowan casts a spell at you. The shard of ice hits you!!
Ouch! That really hurt!
You die...

...........## ......
....... .... #.....
..###.###..#####....
.........#........#
..................#
###....#.#....#.#.#
####...#.##.....#)#
..............###.#####
....#######....e@.....#
...<# #......).......
....# #...####.......
....# #...# .......
....# #...# .:.....
....# #...# .......
....# ##### #######
....# #####


You could see Dowan (fast, very poisoned).

Vanquished Creatures
  Duvessa (D:4)
  2 bullfrogs (Sewer)
  Robin (D:2)
  4 gnolls
  8 adders
  3 worms
  3 dart slugs
  6 ball pythons
  4 bats
  7 endoplasms
  10 giant cockroaches
  18 goblins
  12 hobgoblins
  2 jackals (D:2)
  10 kobolds
  8 quokkas
  16 frilled lizards
  3 rats (D:1)
118 creatures vanquished.

Notes
Turn   | Place    | Note
-------+----------+-------------------------------------------
     0 | D:1      | fridis the Minotaur Fighter began the quest for the Orb.
     0 | D:1      | Reached XP level 1. HP: 19/19 MP: 0/0
    61 | D:1      | Reached XP level 2. HP: 22/27 MP: 1/1
   373 | D:1      | Reached XP level 3. HP: 33/33 MP: 2/2
   735 | D:1      | Found a faded altar of an unknown god.
  1193 | D:2      | Reached skill level 1 in Maces & Flails
  1235 | D:2      | Reached XP level 4. HP: 34/38 MP: 3/3
  1787 | D:2      | Noticed Robin
  1805 | D:2      | Killed Robin
  1806 | D:2      | Reached XP level 5. HP: 20/47 MP: 4/4
  2758 | D:3      | Found a glowing drain.
  3097 | Sewer    | Entered a sewer
  3342 | Sewer    | Reached skill level 5 in Armour
  3342 | Sewer    | Reached XP level 6. HP: 43/55 MP: 3/5
  3346 | Sewer    | Reached skill level 5 in Fighting
  3346 | Sewer    | Reached skill level 1 in Dodging
  4385 | D:4      | Found a staircase to the Ecumenical Temple.
  4650 | D:4      | Noticed Duvessa
  4650 | D:4      | Noticed Dowan
  4660 | D:4      | Killed Duvessa
  4666 | D:4      | Killed from afar by Dowan

Illustrated notes

Levels and vault maps discovered:
D:1:      lemuel_arrival_cross, layout_basic, basic_ecumenical_altar,
          chequers_decorated_corner, minmay_misc_feat_columns, minmay_bisected
D:2:      layout_loops_ring, uniq_robin
D:3:      layout_loops_cross, cheibrodos_sewer_entry_bend
D:4:      layout_rooms, minmay_temple_entry_drinking_statues, uniq_duvessa,
          uniq_edmund, uniq_sigmund

Skill      XL: |  1  2  3  4  5  6 |
---------------+-------------------+-----
Shields        | 4 |  4.6
Fighting       | 4 5 |  5.3
Armour         | 4 5 |  5.9
Maces & Flails | 1 2 3 4 |  4.0
Dodging        | 1 |  1.3
Axes           | |  2.9
Stealth        | |  0.9

Action                   |  1- 3 |  4- 6 || total
-------------------------+-------+-------++-------
Melee: War axe           |    35 |       ||    35
       Headbutt          |     6 |    22 ||    28
       Flail             |    34 |   167 ||   201
       Unarmed           |       |    10 ||    10
  Use: Scroll            |     1 |     7 ||     8
       Potion            |       |     2 ||     2
Armor: Scale mail        |    36 |    99 ||   135
       Skin              |       |     2 ||     2
Dodge: Dodged            |    45 |   123 ||   168
Block: Buckler           |    24 |    38 ||    62
